 Dungeon Crawl Stone Soup version 0.30-a0-782-ge64f9170bb (webtiles) character file.

Game seed: 892173189476824430

504 mopl the Chopper (level 6, -6/49 HPs)
             Began as a Demonspawn Fighter on Mar 13, 2023.
             Killed by divine providence
             ... invoked by an orc priest
              (14 damage)
             ... on level 5 of the Dungeon.
             The game lasted 00:03:08 (2849 turns).

mopl the Chopper (Demonspawn Fighter)               Turns: 2849, Time: 00:03:09

Health: -6/49      AC: 10    Str: 19    XL:     6   Next: 96%
Magic:  6/6        EV: 11    Int:  9    God:
Gold:   315        SH:  4    Dex: 12    Spells: 5/5 levels left

rFire   . . .      SeeInvis .    a - +0 war axe
rCold   . . .      Faith    .    c - +0 buckler
rNeg    + . .      Spirit   .    e - +1 ring mail {rPois}
rPois   +          Reflect  .    (helmet restricted)
rElec   .          Harm     .    p - +2 cloak
rCorr   .          Rampage  .    (no gloves)
Will    .....                    (no boots)
Stlth   +                        (no amulet)
HPRegen 0.28/turn                v - ring of positive energy
MPRegen 0.10/turn                (no ring)

@: no status effects
A: antennae 1, ignite blood 1
a: no special abilities


You were on level 5 of the Dungeon.
You visited 1 branch of the dungeon, and saw 5 of its levels.

You collected 315 gold pieces.

Inventory:

Hand Weapons
 a - a +0 war axe (weapon)
 i - a +0 dagger of venom
Missiles
 w - 4 poisoned darts (quivered)
Armour
 c - a +0 buckler (worn)
 e - a +1 ring mail of poison resistance (worn)
 p - a +2 cloak (worn)
Jewellery
 v - a ring of positive energy (left hand)
Scrolls
 b - a scroll of teleportation {unknown}
 f - 4 scrolls of identify {unknown}
 g - 2 scrolls of blinking {unknown}
 h - 4 scrolls of enchant armour {unknown}
 n - a scroll of acquirement {unknown}
 q - 2 scrolls of immolation {unknown}
 s - a scroll of silence {unknown}
 t - a scroll of fog {unknown}
 u - 2 scrolls of magic mapping {unknown}
 x - a scroll of amnesia {unknown}
Potions
 d - 2 potions of might
 j - 4 potions of curing
 k - 2 potions of invisibility {unknown}
 l - a potion of mutation {unknown}
 m - 2 potions of resistance {unknown}
 o - a potion of flight {unknown}
 r - a potion of degeneration {unknown}


   Skills:
 + Level 4.3 Fighting
 * Level 4.5 Axes
 + Level 0.0 Throwing
 + Level 4.0 Armour
 + Level 2.7 Dodging
 - Level 2.6 Shields


You had 5 spell levels left.
You didn't know any spells.
Your spell library contained the following spells:

 Spells                   Type           Power      Damage    Failure   Level
 Manifold Assault         Tloc           0%         N/A       100%        4
 Dispersal                Tloc           0%         N/A       100%        6
 Disjunction              Tloc           0%         N/A       100%        8


Dungeon Overview and Level Annotations

Branches:
Dungeon (5/15)
 Temple: D:4-7

Altars:


Innate Abilities, Weirdness & Mutations

You have a pair of small antennae on your head.
Your demonic aura sometimes causes spilled blood to erupt in flames.


Message History

You kill the ogre!
Your Armour skill increases to level 4!
No target in view!
w - 4 poisoned darts
x - a scroll labelled QIXKITOGEKHLE No other quiver actions available for cycling.
You see here a +0 giant club.
An orc priest comes into view. It is wielding a +0 dagger.
The orc priest shouts!
You hear a shout! x2
An orc comes into view. It is wielding a +0 hand axe.
The orc shouts!
The orc moves out of view.
An orc comes into view. It is wielding a +0 dagger.
The orc shouts!
The orc priest mumbles some strange prayers to Beogh against you.
Beogh smites you!
An ogre comes into view. It is wielding a +0 giant club.
An orc comes into view. It is wielding a +0 flail.
You closely miss the orc priest.
The orc shouts!
The orc priest closely misses you.
You hit the orc priest.
The orc priest is lightly wounded.
You hit the orc but do no damage. The orc hits you but does no damage.
The orc priest barely misses you. The orc attacks as you move away!
The orc hits you with a +0 hand axe.
The orc priest attacks as you move away!
The orc priest closely misses you.
The orc priest attacks as you move away!
The orc priest hits you but does no damage.
The orc priest attacks as you move away!
The orc priest hits you but does no damage.
The orc priest calls down the wrath of Beogh upon you.
Beogh smites you!
The orc priest calls down the wrath of Beogh upon you.
Beogh smites you!
* * * LOW HITPOINT WARNING * * *
The orc priest mumbles some strange prayers to Beogh against you.
Beogh smites you!
You die...

#. .# #..# #.# #.# #.# #..#
##.## #...####.# #..###...## #
#..#....# #.........
..#.......# #..##....
.....!....########..##.#.#
.#.................##.#.#####.
....#..Oo########.##....<.....
#.......oo.o@....).....######
......###.########.##.#......
...##.................#######
.. ################### .


You could see an ogre, an orc priest and 3 orcs.

Vanquished Creatures
  Sigmund (D:4)
  An ogre (D:5)
  2 hounds
  A gnoll bouda (D:4)
  Robin (D:4)
  6 gnolls
  3 dart slugs
  6 orcs
  6 bats
  3 endoplasms
  2 giant cockroaches
  22 goblins
  7 hobgoblins
  5 jackals (D:4)
  4 kobolds
  3 quokkas
  4 ball pythons
  5 frilled lizards
  4 rats
86 creatures vanquished.

Vanquished Creatures (others)
  A plant (D:1)
  3 toadstools (D:3)
4 creatures vanquished.

Grand Total: 90 creatures vanquished

Notes
Turn   | Place    | Note
-------+----------+-------------------------------------------
     0 | D:1      | mopl the Demonspawn Fighter began the quest for the Orb.
     0 | D:1      | Reached XP level 1. HP: 18/18 MP: 1/1
    49 | D:1      | Reached skill level 2 in Axes
    80 | D:1      | Gained mutation: Your demonic aura sometimes causes spilled
                  | blood to erupt in flames. [demonic ancestry]
    80 | D:1      | Reached XP level 2. HP: 24/24 MP: 2/2
   267 | D:1      | Reached skill level 3 in Armour
   267 | D:1      | Reached skill level 1 in Dodging
   267 | D:1      | Gained mutation: You have a pair of small antennae on your
                  | head. [demonic ancestry]
   267 | D:1      | Reached XP level 3. HP: 24/29 MP: 3/3
  1988 | D:4      | Reached XP level 4. HP: 30/35 MP: 4/4
  2092 | D:4      | Reached skill level 3 in Axes
  2172 | D:4      | Reached XP level 5. HP: 39/42 MP: 5/5
  2245 | D:4      | Noticed Robin
  2253 | D:4      | Reached skill level 2 in Dodging
  2262 | D:4      | Killed Robin
  2422 | D:4      | Noticed Sigmund
  2454 | D:4      | Killed Sigmund
  2455 | D:4      | Reached skill level 4 in Fighting
  2455 | D:4      | Reached skill level 4 in Axes
  2455 | D:4      | Reached XP level 6. HP: 8/48 MP: 6/6
  2802 | D:5      | Entered Level 5 of the Dungeon
  2819 | D:5      | Reached skill level 4 in Armour
  2849 | D:5      | Killed from afar by an orc priest

Illustrated notes

Levels and vault maps discovered:
D:1:      amcnicky_arrival_choice, layout_basic, nrook_mini_backslash,
          chequers_serial_rivers_small_a, chequers_serial_rivers_large_a,
          chequers_serial_rivers_small_b, nicolae_grassy_gnolls
D:2:      layout_loops_ring
D:3:      layout_basic, minmay_misc_feat_x, minmay_gold_behind_fungi
D:4:      kennysheep_goblin_castle, layout_rooms, tso_oasis_becter, uniq_sigmund
D:5:      layout_loops_ring, minmay_temple_entry_junction_2, serial_shops,
          nicolae_shop_advertising_works [nicolae_subvault_shop_adworks]

Skill      XL: |  1  2  3  4  5  6 |
---------------+-------------------+-----
Axes           | 2 3 4 |  4.5
Armour         | 3 4 |  4.0
Dodging        | 1 2 |  2.7
Fighting       | 4 |  4.3
Shields        | |  2.6

Action                     |  1- 3 |  4- 6 || total
---------------------------+-------+-------++-------
  Melee: War axe           |   112 |   114 ||   226
 Armour: Scale mail        |    45 |       ||    45
         Ring mail         |     7 |    67 ||    74
  Dodge: Dodged            |    43 |    65 ||   108
  Block: Buckler           |    22 |    28 ||    50

Table legend: (Time is in decaauts)
 A = Elapsed time spent in this place.
 B = Non-inter-level travel time spent in this place.
 C = Inter-level travel time spent in this place.
 D = Time resting spent in this place.
 E = Time spent auto-exploring this place.
 F = Levels seen in this place.
 G = Mean time per level.
                   A        B        C        D        E       F      G
               +--------+--------+--------+--------+--------+-----+--------+
         Total |   2944 |   2820 |    124 |    136 |   2068 |   5 |  588.8 |
       Dungeon |   2944 |   2820 |    124 |    136 |   2068 |   5 |  588.8 |
               +--------+--------+--------+--------+--------+-----+--------+

Top non-repeatable levels by time:
     D:4: 860 daAuts
     D:3: 750 daAuts
     D:1: 680 daAuts
     D:2: 603 daAuts
     D:5: 50 daAuts
